BSA
NEW ORLEANS LOOTERS @ KENILWORTH ACES
09/15/2030
 
TOP OF THE 1ST
New Orleans Looters batting - Pitching for Kenilworth Aces : RHP José Martínez
Pitching: RHP José Martínez
Batting: LHB Miguel Colón 0-0: Ball
1-0: Ball
2-0: Swinging Strike
2-1: Foul Ball, location: 2F
2-2: Strikes out swinging
Batting: RHB Rubén Vázquez 0-0: Ball
1-0: Swinging Strike
1-1: Ball
2-1: Foul Ball, location: 2F
2-2: Foul Ball, location: 2F
2-2: Strikes out swinging
Batting: SHB Arturo Sánchez 0-0: Ground out 5-3 (Groundball, 5L)
Top of the 1st over - 0 runs, 0 hits, 0 errors, 0 left on base; New Orleans 0 - Kenilworth 0
BOTTOM OF THE 1ST
Kenilworth Aces batting - Pitching for New Orleans Looters : LHP Holden Clark
Pitching: LHP Holden Clark
Batting: LHB Jim Jensen 0-0: Ball
1-0: Foul Ball, location: 2F
1-1: Foul Ball, location: 2F
1-2: Ground out 4-3 (Groundball, 4)
Batting: LHB Luis Villa 0-0: Called Strike
0-1: Ball
1-1: SINGLE (Groundball, 4D)
Batting: LHB Barrett Waters 0-0: Swinging Strike
0-1: Foul Ball, location: 2F
0-2: Foul Ball, location: 2F
0-2: Ball
1-2: SINGLE (Flyball, 89M)
Luis Villa to second
Runner from 2nd tries for 3rd, SAFE, no throw
Batting: LHB Roy Patrick 0-0: Fly out, F7 (Flyball, 78S)
Runner from 3rd tags up, SCORES, no throw
Batting: SHB Julián Madrid 0-0: Ball
1-0: Ball
2-0: Called Strike
2-1: Ball
3-1: Fly out, F8 (Flyball, 8LS)
Bottom of the 1st over - 1 run, 2 hits, 0 errors, 1 left on base; New Orleans 0 - Kenilworth 1
TOP OF THE 2ND
New Orleans Looters batting - Pitching for Kenilworth Aces : RHP José Martínez
Batting: SHB Oliver Deleón 0-0: Called Strike
0-1: Fly out, F7 (Flyball, 7LMF)
Batting: LHB Mario Álvarez 0-0: Ball
1-0: Ball
2-0: Called Strike
2-1: Foul Ball, location: 2F
2-2: Foul Ball, location: 2F
2-2: Foul Ball, location: 2F
2-2: Ball
3-2: Base on Balls
Batting: RHB Dave O'Loan 0-0: Called Strike
0-1: Swinging Strike
0-2: Ball
1-2: Fly out, F8 (Flyball, 89M)
Batting: RHB Tim Gardner 0-0: Ball
1-0: SINGLE (Groundball, 6MD)
Mario Álvarez to second
Batting: RHB Dan Banks 0-0: TRIPLE (Line Drive, 8LXD)
Mario Álvarez scores
Tim Gardner scores
Batting: RHB Kolomon Meise 0-0: Ball
1-0: Foul Ball, location: 2F
1-1: Ball
2-1: Ball
3-1: Swinging Strike
3-2: SINGLE (Flyball, 7LS)
Dan Banks scores
Batting: LHB Miguel Colón 0-0: Ball
1-0: Swinging Strike
1-1: Ground out 5-3 (Groundball, 56S)
Top of the 2nd over - 3 runs, 3 hits, 0 errors, 1 left on base; New Orleans 3 - Kenilworth 1
BOTTOM OF THE 2ND
Kenilworth Aces batting - Pitching for New Orleans Looters : LHP Holden Clark
Batting: LHB Santiago Márquez 0-0: Called Strike
0-1: Ball
1-1: Ball
2-1: Ball
3-1: Base on Balls
Batting: RHB Lonson Seals 0-0: Called Strike
0-1: Ball
1-1: Foul Ball, location: 2F
1-2: Ball
2-2: Ball
3-2: SINGLE (Line Drive, 89S)
Santiago Márquez to second
Runner from 2nd tries for 3rd, SAFE, no throw
Batting: RHB Taylor McFarland 0-0: Ball
1-0: Called Strike
1-1: Ball
2-1: Grounds into double play, 1-4-3 (Groundball, 15S)
Batting: LHB Pedro Díaz 0-0: Ground out U3 (Groundball, 3)
Bottom of the 2nd over - 0 runs, 1 hit, 0 errors, 1 left on base; New Orleans 3 - Kenilworth 1
TOP OF THE 3RD
New Orleans Looters batting - Pitching for Kenilworth Aces : RHP José Martínez
Batting: RHB Rubén Vázquez 0-0: Swinging Strike
0-1: Ball
1-1: Called Strike
1-2: Ground out 4-3 (Groundball, 4)
Batting: SHB Arturo Sánchez 0-0: Ball
1-0: Called Strike
1-1: Foul Ball, location: 2F
1-2: Foul Ball, location: 2F
1-2: Fly out, F8 (Flyball, 78M)
Batting: SHB Oliver Deleón 0-0: Ball
1-0: SINGLE (Groundball, 6MD)
Batting: LHB Mario Álvarez 0-0: Called Strike
0-1: DOUBLE (Flyball, 89XD)
Oliver Deleón to third
Runner from 3rd tries for Home, SAFE, no throw
Batting: RHB Dave O'Loan 0-0: Called Strike
0-1: Ground out 6-3 (Groundball, 6)
Top of the 3rd over - 1 run, 2 hits, 0 errors, 1 left on base; New Orleans 4 - Kenilworth 1
BOTTOM OF THE 3RD
Kenilworth Aces batting - Pitching for New Orleans Looters : LHP Holden Clark
Batting: LHB Jim Jensen 0-0: Called Strike
0-1: Ball
1-1: Ground out U3 (Groundball, 3S)
Batting: LHB Luis Villa 0-0: Ground out 5-3 (Groundball, 25)
Batting: LHB Barrett Waters 0-0: Called Strike
0-1: Called Strike
0-2: Ball
1-2: Ground out 5-3 (Groundball, 56)
Bottom of the 3rd over - 0 runs, 0 hits, 0 errors, 0 left on base; New Orleans 4 - Kenilworth 1
TOP OF THE 4TH
New Orleans Looters batting - Pitching for Kenilworth Aces : RHP José Martínez
Batting: RHB Tim Gardner 0-0: Called Strike
0-1: Foul Ball, location: 2F
0-2: Strikes out swinging
Batting: RHB Dan Banks 0-0: Called Strike
0-1: Ball
1-1: Foul Ball, location: 2F
1-2: Ball
2-2: Foul Ball, location: 2F
2-2: DOUBLE (Line Drive, 7LS)
Batting: RHB Kolomon Meise 0-0: Called Strike
0-1: Ground out 4-3 (Groundball, 4)
Dan Banks to third
Batting: LHB Miguel Colón 0-0: Ball
1-0: Ball
Wild Pitch!
Dan Banks scores
2-0: Ball
3-0: Ground out 4-3 (Groundball, 34)
Top of the 4th over - 1 run, 1 hit, 0 errors, 0 left on base; New Orleans 5 - Kenilworth 1
BOTTOM OF THE 4TH
Kenilworth Aces batting - Pitching for New Orleans Looters : LHP Holden Clark
Batting: LHB Roy Patrick 0-0: Called Strike
0-1: Called Strike
0-2: Ball
1-2: Ground out 1-3 (Groundball, 13S)
Batting: SHB Julián Madrid 0-0: Ball
1-0: SINGLE (Groundball, 6MD)
Batting: LHB Santiago Márquez 0-0: Swinging Strike
0-1: Grounds into double play, 6-4-3 (Groundball, 56)
Bottom of the 4th over - 0 runs, 1 hit, 0 errors, 0 left on base; New Orleans 5 - Kenilworth 1
TOP OF THE 5TH
New Orleans Looters batting - Pitching for Kenilworth Aces : RHP José Martínez
Batting: RHB Rubén Vázquez 0-0: Called Strike
0-1: Ball
1-1: Foul Ball, location: 2F
1-2: Ground out 4-3 (Groundball, 4)
Batting: SHB Arturo Sánchez 0-0: Ball
1-0: Fly out, F9 (Flyball, 89M)
Batting: SHB Oliver Deleón 0-0: Called Strike
0-1: SINGLE (Groundball, 34D)
Batting: LHB Mario Álvarez 0-0: Ball
1-0: DOUBLE (Line Drive, 9D)
Oliver Deleón to third
Runner from 3rd tries for Home, SAFE, throw made at trailing runner, OUT at third!
Top of the 5th over - 1 run, 2 hits, 0 errors, 0 left on base; New Orleans 6 - Kenilworth 1
BOTTOM OF THE 5TH
Kenilworth Aces batting - Pitching for New Orleans Looters : LHP Holden Clark
Batting: RHB Lonson Seals 0-0: Ball
1-0: Foul Ball, location: 2F
1-1: Ball
2-1: Ball
3-1: Foul Ball, location: 2F
3-2: Foul Ball, location: 2F
3-2: DOUBLE (Line Drive, 8RD)
Batting: RHB Taylor McFarland 0-0: Ball
1-0: Ground out U3 (Groundball, 3S)
Lonson Seals to third
Batting: LHB Pedro Díaz 0-0: Swinging Strike
0-1: Called Strike
0-2: Ball
1-2: Ball
2-2: DOUBLE (Flyball, 78XD)
Lonson Seals scores
Batting: LHB Jim Jensen 0-0: Ball
1-0: Ball
2-0: Called Strike
2-1: Fly out, F9 (Line Drive, 9)
Lined into DP, 9-6 (Line Drive, 9)
Bottom of the 5th over - 1 run, 2 hits, 0 errors, 0 left on base; New Orleans 6 - Kenilworth 2
TOP OF THE 6TH
New Orleans Looters batting - Pitching for Kenilworth Aces : RHP José Martínez
Pitching: RHP Bartolo García
Batting: RHB Dave O'Loan 0-0: Ball
1-0: Called Strike
1-1: Called Strike
1-2: Ground out 6-3 (Groundball, 6)
Batting: RHB Tim Gardner 0-0: Called Strike
0-1: Ball
1-1: Ball
2-1: Foul Ball, location: 2F
2-2: Strikes out swinging
Batting: RHB Dan Banks 0-0: Called Strike
0-1: Called Strike
0-2: Foul Ball, location: 2F
0-2: SINGLE (Groundball, 34D)
Batting: RHB Kolomon Meise 0-0: Called Strike
0-1: Ball
Passed Ball!
Dan Banks to second
1-1: Called Strike
1-2: Ground out 5-3 (Groundball, 5)
Top of the 6th over - 0 runs, 1 hit, 0 errors, 1 left on base; New Orleans 6 - Kenilworth 2
BOTTOM OF THE 6TH
Kenilworth Aces batting - Pitching for New Orleans Looters : LHP Holden Clark
Batting: LHB Luis Villa 0-0: Called Strike
0-1: SINGLE (Groundball, 6MD)
Batting: LHB Barrett Waters 0-0: Ball
1-0: Called Strike
1-1: Fielders Choice at 2nd, 6-4 (Groundball, 6M)
Batting: LHB Roy Patrick 0-0: Ball
1-0: Called Strike
1-1: Ball
2-1: Ball
3-1: Foul Ball, location: 2F
3-2: Strikes out looking
Batting: SHB Julián Madrid 0-0: Called Strike
0-1: Foul Ball, location: 2F
0-2: Fly out, F8 (Flyball, 8RXD)
Bottom of the 6th over - 0 runs, 1 hit, 0 errors, 1 left on base; New Orleans 6 - Kenilworth 2
TOP OF THE 7TH
New Orleans Looters batting - Pitching for Kenilworth Aces : RHP Bartolo García
Batting: LHB Miguel Colón 0-0: Ball
1-0: Foul Ball, location: 2F
1-1: Called Strike
1-2: Ball
2-2: Foul Ball, location: 2F
2-2: Ground out 5-3 (Groundball, 5S)
Batting: RHB Rubén Vázquez 0-0: Foul Ball, location: 2F
0-1: SINGLE (Line Drive, 6D)
Batting: SHB Arturo Sánchez 0-0: Called Strike
Rubén Vázquez steals 2nd base
0-1: TRIPLE (Line Drive, 7D)
Rubén Vázquez scores
Batting: SHB Oliver Deleón 0-0: Ball
1-0: Foul Ball, location: 2F
1-1: Ball
2-1: Ball
3-1: Foul Ball, location: 2F
3-2: Foul Ball, location: 2F
3-2: Base on Balls
Batting: LHB Mario Álvarez 0-0: Ball
1-0: Ball
2-0: Called Strike
2-1: Fielders Choice at 2nd, 4-6 (Groundball, 4)
Arturo Sánchez scores
Batting: RHB Dave O'Loan 0-0: Ball
1-0: Called Strike
1-1: Swinging Strike
1-2: Fielders Choice at 2nd, 6-4 (Groundball, 6)
Top of the 7th over - 2 runs, 2 hits, 0 errors, 1 left on base; New Orleans 8 - Kenilworth 2
BOTTOM OF THE 7TH
Kenilworth Aces batting - Pitching for New Orleans Looters : LHP Holden Clark
Pitching: RHP Mike Pierce
Batting: LHB Santiago Márquez 0-0: Ball
1-0: Ball
2-0: Called Strike
2-1: Ball
3-1: Base on Balls
Batting: RHB Lonson Seals 0-0: Ball
1-0: Ball
2-0: SINGLE (Groundball, 34D)
Santiago Márquez to second
Runner from 2nd tries for 3rd, SAFE, throw made to third
Lonson Seals to second
Batting: RHB Taylor McFarland 0-0: Ball
1-0: Ball
2-0: Foul Ball, location: 2F
2-1: Foul Ball, location: 2F
2-2: Strikes out swinging
Batting: LHB Pedro Díaz 0-0: Ball
1-0: Foul Ball, location: 2F
1-1: Ball
2-1: Ball
3-1: Base on Balls
Batting: LHB Jim Jensen 0-0: Ball
1-0: Ball
2-0: Called Strike
2-1: Fielders Choice at 2nd, 3-6 (Groundball, 3)
Santiago Márquez scores
Lonson Seals to third
Batting: LHB Luis Villa 0-0: Swinging Strike
0-1: Ball
1-1: Foul Ball, location: 2F
1-2: Ground out 4-3 (Groundball, 4)
Bottom of the 7th over - 1 run, 1 hit, 0 errors, 2 left on base; New Orleans 8 - Kenilworth 3
TOP OF THE 8TH
New Orleans Looters batting - Pitching for Kenilworth Aces : RHP Bartolo García
Batting: RHB Tim Gardner 0-0: Called Strike
0-1: Ball
1-1: SINGLE (Groundball, 6MD)
Batting: RHB Dan Banks 0-0: Fly out, F3 (Popup, 23)
Batting: RHB Kolomon Meise 0-0: Ball
1-0: Foul Ball, location: 2F
Balk!
Tim Gardner to second
1-1: Ground out 5-3 (Groundball, 56)
Batting: LHB Miguel Colón 0-0: Called Strike
0-1: DOUBLE (Line Drive, 8LXD)
Tim Gardner scores
Batting: RHB Rubén Vázquez 0-0: Called Strike
0-1: Ball
1-1: Swinging Strike
1-2: SINGLE (Line Drive, 89S)
Miguel Colón to third
Runner from 3rd tries for Home, SAFE, throw made home
Batting: SHB Arturo Sánchez 0-0: Called Strike
Rubén Vázquez steals 2nd base
0-1: Called Strike
0-2: Ground out 5-3 (Groundball, 5L)
Top of the 8th over - 2 runs, 3 hits, 0 errors, 1 left on base; New Orleans 10 - Kenilworth 3
BOTTOM OF THE 8TH
Kenilworth Aces batting - Pitching for New Orleans Looters : RHP Mike Pierce
Batting: LHB Barrett Waters 0-0: Ball
1-0: Ball
2-0: Foul Ball, location: 2F
2-1: Ball
3-1: Called Strike
3-2: Base on Balls
Batting: LHB Roy Patrick 0-0: Swinging Strike
0-1: Foul Ball, location: 2F
0-2: Ball
1-2: Fly out, F7 (Flyball, 78D)
Batting: SHB Julián Madrid 0-0: Ball
1-0: Called Strike
1-1: Foul Ball, location: 2F
1-2: Ball
2-2: Ball
3-2: TRIPLE (Flyball, 89XD)
Barrett Waters scores
Batting: LHB Santiago Márquez 0-0: Ball
1-0: Foul Ball, location: 2F
1-1: Foul Ball, location: 2F
1-2: Ball
2-2: Hit by Pitch
Batting: RHB Lonson Seals 0-0: Ball
1-0: Ball
2-0: Ball
3-0: Base on Balls
Santiago Márquez to second
Batting: RHB Taylor McFarland 0-0: Grounds into double play, 4-6-3 (Groundball, 4)
Bottom of the 8th over - 1 run, 1 hit, 0 errors, 2 left on base; New Orleans 10 - Kenilworth 4
TOP OF THE 9TH
New Orleans Looters batting - Pitching for Kenilworth Aces : RHP Bartolo García
Batting: SHB Oliver Deleón 0-0: Ball
1-0: Foul Ball, location: 2F
1-1: DOUBLE (Line Drive, 7LD)
Pitching: RHP Bryce Davis
Batting: LHB Mario Álvarez 0-0: Ball
1-0: Fly out, F9 (Flyball, 9)
Batting: RHB Dave O'Loan 0-0: Ball
1-0: Ball
2-0: Ball
3-0: Base on Balls
Batting: RHB Tim Gardner 0-0: Reached on error, E5 (Groundball, 56)
Oliver Deleón to third
Dave O'Loan to second
Batting: RHB Dan Banks 0-0: Called Strike
0-1: Ball
1-1: Called Strike
1-2: Ball
2-2: Strikes out looking
Batting: RHB Kolomon Meise 0-0: Foul Ball, location: 2F
0-1: Foul Ball, location: 2F
0-2: Ball
1-2: Ball
2-2: Strikes out looking
Top of the 9th over - 0 runs, 1 hit, 1 error, 3 left on base; New Orleans 10 - Kenilworth 4
BOTTOM OF THE 9TH
Kenilworth Aces batting - Pitching for New Orleans Looters : RHP Mike Pierce
Batting: LHB Pedro Díaz 0-0: Ball
1-0: Foul Ball, location: 2F
1-1: Foul Ball, location: 2F
1-2: Ball
2-2: Ball
3-2: SINGLE (Line Drive, 8RS)
Pitching: RHP Fergus Wakeford
Batting: LHB Jim Jensen 0-0: Foul Ball, location: 2F
0-1: Ball
1-1: Foul Ball, location: 2F
1-2: Foul Ball, location: 2F
1-2: Foul Ball, location: 2F
1-2: Ball
2-2: SINGLE (Popup, 34S)
Pedro Díaz to second
Batting: LHB Luis Villa 0-0: Reached on error, E1 (Groundball, 13)
Pedro Díaz to third
Jim Jensen to second
Batting: LHB Barrett Waters 0-0: SINGLE (Groundball, 4MD)
Pedro Díaz scores
Jim Jensen to third
Luis Villa to second
Pitching: LHP Juan Méndez
Batting: LHB Roy Patrick 0-0: Called Strike
0-1: Ball
1-1: Foul Ball, location: 2F
1-2: Strikes out swinging
Batting: SHB Julián Madrid 0-0: Ball
1-0: Called Strike
1-1: Called Strike
1-2: Fly out, F8 (Flyball, 8LD)
Runner from 3rd tags up, SCORES, no throw
Batting: LHB Santiago Márquez 0-0: Ball
1-0: Ball
2-0: Ball
3-0: Called Strike
3-1: Foul Ball, location: 2F
3-2: Fly out, F7 (Flyball, 78XD)
Bottom of the 9th over - 2 runs, 3 hits, 1 error, 2 left on base; New Orleans 10 - Kenilworth 6
Saturday, April 7th, 2018 - OOTP Baseball 18.8 Build 76